 Dungeon Crawl Stone Soup version 0.29.0-13-gc9e81de378 (webtiles) character file.

Game seed: 16428655364883554499

42 LucemDeus the Grave Robber (level 3, -2/14 HPs)
             Began as a Felid Necromancer on Sept 10, 2022.
             Shot with an arrow by a centaur (6 damage)
             ... on level 3 of the Dungeon.
             The game lasted 00:04:33 (3071 turns).

LucemDeus the Grave Robber (Felid Necromancer)      Turns: 3071, Time: 00:04:34

Health: -2/14      AC:  1    Str:  4    XL:     3   Next: 33%
Magic:  8/8        EV: 18    Int: 24    God:
Gold:   158        SH:  0    Dex: 16    Spells: 3/7 levels left
                                        Lives:  0   Deaths: 1

rFire   . . .      SeeInvis +   (weapon unavailable)
rCold   . . .      Faith    .   (shield unavailable)
rNeg    . . .      Spirit   .   (body armour unavailable)
rPois   .          Reflect  .   (helmet unavailable)
rElec   .          Harm     .   (cloak unavailable)
rCorr   .          Rampage  .   (gloves unavailable)
Will    .....                   (boots unavailable)
Stlth   +++.......              (no amulet)
HPRegen 0.04/turn               e - +6 ring of intelligence
MPRegen 0.11/turn               (no ring)

@: quick
A: very small, claws 1, fangs 3, see invisible, speed 1, shaggy fur 1, stealthy
paws, no weapons or thrown items, no armour, multi-lived
a: no special abilities


You were on level 3 of the Dungeon.
You visited 1 branch of the dungeon, and saw 3 of its levels.

You collected 158 gold pieces.

Inventory:

Jewellery
 e - a +6 ring of intelligence (left paw)
Wands
 f - a wand of light (15)
Scrolls
 b - a scroll of noise {unknown}
 d - a scroll of butterflies
Potions
 a - a potion of magic
 c - 4 potions of flight


   Skills:
 + Level 3.8 Dodging
 + Level 4.0 Stealth
 + Level 2.7 Spellcasting
 + Level 4.5 Necromancy


You had 3 spell levels left.
You knew the following spells:

 Your Spells              Type           Power      Damage    Failure   Level
a - Necrotise             Necr           100%       1d9       1%          1
b - Vampiric Draining     Necr           25%        2d7       5%          3

Your spell library contained the following spells:

 Spells                   Type           Power      Damage    Failure   Level
 Sublimation of Blood     Necr           25%        N/A       2%          2
 Wereblood                Tmut           3%         N/A       17%         2
 Animate Dead             Necr           25%        N/A       17%         4
 Agony                    Necr           25%        N/A       43%         5
 Summon Hydra             Summ           1%         N/A       100%        7


Dungeon Overview and Level Annotations

Branches:
Dungeon (3/15)

Altars:
Xom


Innate Abilities, Weirdness & Mutations

You have sharp claws.
You have razor-sharp teeth.
You have supernaturally acute eyesight. (SInv)
You cover ground quickly. (Speed+)
You are covered in fur. (AC +1)
Your paws help you pounce on unaware monsters.
You are incapable of wielding weapons or throwing items.
You cannot wear armour.
You gain extra lives every three experience levels.


Message History

A rat comes into view.
You can't see any susceptible monsters within range! (Use Z to cast anyway.)
You can't see any susceptible monsters within range! (Use Z to cast anyway.)
The rat writhes in agony!
You kill the rat!
The dead are walking!
You can't see any susceptible monsters within range! (Use Z to cast anyway.)
You see here the +8 sling "Cemourudgh" {venom, Will+}.
There is a stone staircase leading up here.
Your quokka skeleton crumbles into dust!
A centaur comes into view.
The centaur shouts!
The centaur writhes in agony!
The centaur wields a +0 shortbow.
The centaur shoots an arrow.
The arrow hits you!
Ouch! That really hurt!
* * * LOW HITPOINT WARNING * * *
The centaur shoots an arrow.
The arrow closely misses you.
You hear an angry hiss.
You swap places.
The centaur shoots an arrow.
The arrow hits your rat skeleton.
Your rat skeleton closely misses the centaur.
You are too injured to fight recklessly!
The centaur shoots an arrow.
The arrow hits your rat skeleton!
Your rat skeleton is destroyed!
The centaur shoots an arrow.
The arrow hits you!
Ouch! That really hurt!
You die...
You are now level 3!
You rejoin the land of the living...
You see here a +0 ring mail.
The centaur shoots an arrow.
The arrow misses you.
You can't see any susceptible monsters within range! (Use Z to cast anyway.) No reachable target in view!
Unknown command.
No reachable target in view!
The centaur shoots an arrow.
The arrow hits you!
Ouch! That really hurt!
* * * LOW HITPOINT WARNING * * *
The centaur shoots an arrow.
The arrow hits you.
You die...

#.......# #.......# #...<...#
#.......# ##.......# #........# .
..# #........# .
....####.......<# ..
.......@......########## ...
...≈.≈≈≈≈≈≈§.[....##.... ....
....≈§......≈............
..c..####..c§§≈≈≈≈≈.≈............
......c....§§§≈.....§............
.. #.....§§≈._.≈.≈............
...####.....≈.≈...≈.≈............
............§.≈≈≈≈≈.≈...[........
.......†<...≈.§.....≈............


You could see a centaur.

Vanquished Creatures
  2 adders
  2 worms
  2 dart slugs
  5 ball pythons
  5 bats
  6 endoplasms
  A giant cockroach (D:2)
  4 hobgoblins
  2 jackals (D:2)
  8 kobolds (D:1)
  4 quokkas
  A frilled lizard (D:3)
  6 goblins
  6 rats
54 creatures vanquished.

Vanquished Creatures (collateral kills)
  3 ball pythons
  A kobold (D:2)
  A rat (D:1)
5 creatures vanquished.

Vanquished Creatures (others)
  4 toadstools (D:1)
4 creatures vanquished.

Grand Total: 63 creatures vanquished

Notes
Turn   | Place    | Note
-------+----------+-------------------------------------------
     0 | D:1      | LucemDeus the Felid Necromancer began the quest for the
                  | Orb.
     0 | D:1      | Reached XP level 1. HP: 7/7 MP: 4/4
   284 | D:1      | Reached XP level 2. HP: 11/11 MP: 0/6
  1000 | D:1      | Reached XP level 3. HP: 14/14 MP: 3/7
  1547 | D:1      | Learned a level 3 spell: Vampiric Draining
  2613 | D:2      | Reached XP level 4. HP: 15/18 MP: 5/9
  2903 | D:3      | Found a shimmering altar of Xom.
  3038 | D:3      | Identified the +8 sling "Cemourudgh" {venom, Will+}
  3051 | D:3      | Noticed a centaur
  3059 | D:3      | Shot with an arrow by a centaur
  3060 | D:3      | Reached XP level 3. HP: -5/14 MP: 8/8
  3071 | D:3      | Shot with an arrow by a centaur

Illustrated notes

Levels and vault maps discovered:
D:1:      ldierk_walled_garden_2, layout_loops_ring, st_stairs_14
D:2:      minmay_skewed_foursquare, layout_loops_ring, serial_co_window_serial,
          co_window_paths_a, co_window_paths_a, co_window_paths_b,
          co_window_paths_b, co_window_corner_a, co_window_corner_a,
          co_window_paths_b, co_window_unsneaky_path_a, co_window_broadway_a,
          co_window_2corner, co_window_cross_4, co_window_corner_b
D:3:      layout_rooms, mainiacjoe_overflow_concentric_impassable,
          chequers_serial_rivers_room_a

Skill      XL: |  1  2  3  4 |
---------------+-------------+-----
Stealth        | 3 4 |  4.0
Dodging        | 3 |  3.8
Spellcasting   | |  2.7
Necromancy     | |  4.5

Action                   |  1- 3 |  4- 6 || total
-------------------------+-------+-------++-------
Melee: Unarmed           |     7 |       ||     7
       Bite              |     1 |       ||     1
 Cast: Necrotise         |    85 |    19 ||   104
  Use: Scroll            |     3 |     3 ||     6
Dodge: Dodged            |    17 |     2 ||    19
